 Dungeon Crawl Stone Soup version 0.30-a0-451-ge042605de7 (webtiles) character file.

Game seed: 3790727103579348443

162 cforsyth the Chopper (level 5, -1/47 HPs)
             Began as a Minotaur Berserker on Dec 11, 2022.
             Was a Believer of Trog.
             Slain by Grinder (3 damage)
             ... on level 3 of the Dungeon.
             The game lasted 00:04:19 (2359 turns).

cforsyth the Chopper (Minotaur Berserker)           Turns: 2359, Time: 00:04:20

Health: -1/47      AC:  3    Str: 23    XL:     5   Next: 19%
Magic:  4/4        EV: 12    Int:  4    God:    Trog [**....]
Gold:   80         SH:  0    Dex: 10    Spells: 4/4 levels left

rFire   . . .      SeeInvis .    a - +0 hand axe
rCold   . . .      Faith    .    (no shield)
rNeg    . . .      Spirit   .    b - +0 animal skin
rPois   .          Reflect  .    (helmet restricted)
rElec   .          Harm     .    q - +0 cloak
rCorr   .          Rampage  .    (no gloves)
Will    ++...                    (no boots)
Stlth   +.........               (no amulet)
HPRegen 1.27/turn                (no ring)
MPRegen 0.09/turn                (no ring)

@: strong-willed, regenerating
A: horns 2, retaliatory headbutt
a: Renounce Religion, Berserk, Trog's Hand


You were on level 3 of the Dungeon.
You worshipped Trog.
Trog was pleased with you.
You visited 1 branch of the dungeon, and saw 4 of its levels.

You collected 80 gold pieces.

Inventory:

Hand Weapons
 a - a +0 hand axe (weapon)
Armour
 b - a +0 animal skin (worn)
 q - a +0 cloak (worn)
Scrolls
 c - a scroll of teleportation {unknown}
 d - 2 scrolls of torment {unknown}
 f - a scroll of vulnerability {unknown}
 g - 3 scrolls of identify {unknown}
 i - a scroll of enchant armour {unknown}
 l - a scroll of blinking {unknown}
 m - a scroll of immolation {unknown}
Potions
 e - 2 potions of resistance {unknown}
 h - 2 potions of magic {unknown}
 j - 4 potions of attraction {unknown}
 k - 2 potions of mutation {unknown}
 n - a potion of curing {unknown}
 o - a potion of haste {unknown}
 p - a potion of degeneration {unknown}


   Skills:
 + Level 4.7 Fighting
 + Level 4.7 Axes
 + Level 3.9 Armour
 + Level 3.4 Dodging


You had 4 spell levels left.
You didn't know any spells.
Your spell library was empty.

Dungeon Overview and Level Annotations

Branches:
Dungeon (4/15)
 Temple: D:4-7

Altars:
Ru

Annotations:
D:3 Grinder


Innate Abilities, Weirdness & Mutations

You have a pair of horns on your head.
You reflexively headbutt those who attack you in melee.


Message History

Grinder is heavily wounded.
Grinder hits you but does no damage.
You slash Grinder!
Grinder is severely wounded.
Grinder says, "Are you a fish?" Grinder hits you.
You writhe in agony.
Unknown command.
You hit Grinder.
Grinder is almost dead.
Grinder closely misses you.
You hit Grinder.
Grinder is almost dead.
Grinder gestures at you. You resist with almost no effort.
Unknown command.
You closely miss Grinder. Your headbutt misses Grinder.
Grinder is almost dead.
Your skin stops crawling.
You feel less strong-willed.
Grinder blinks!
Grinder blinks!
Grinder blinks!
Grinder gestures at you. Pain shoots through your body!
Grinder blinks!
Your skin crawls.
You feel strong-willed.
Grinder says, "You look like you could use a good racking."
You hit Grinder but do no damage. Your headbutt misses Grinder.
Grinder is almost dead.
Grinder says, "DUCK!"
Grinder hits you!
* * * LOW HITPOINT WARNING * * *
You writhe in agony.
* * * LOW HITPOINT WARNING * * *
You closely miss Grinder.
Grinder is almost dead.
Grinder hits you!
* * * LOW HITPOINT WARNING * * *
You writhe in agony.
You die...

#.#.........>........#
#.#.####.......#####.#
#.#.# #..####.# #.#.#
#..# #.# .# #.#.####..#
#.# .##. #.........# #.#
..... ###.####.##
#.####..## #...####.#
#........#.
#.......@#######........
########5...............
#.#######.......#
#......†.......##
################


You could see Grinder.

Vanquished Creatures
  An orc priest (D:2)
  Crazy Yiuf (D:2)
  Robin (D:1)
  3 adders
  A worm (D:2)
  A dart slug (D:2)
  4 orcs (D:2)
  4 endoplasms
  12 goblins
  7 hobgoblins
  2 kobolds
  5 ball pythons
  4 bats
  6 frilled lizards
  6 rats
58 creatures vanquished.

Vanquished Creatures (others)
  14 plants (D:3)
14 creatures vanquished.

Grand Total: 72 creatures vanquished

Notes
Turn   | Place    | Note
-------+----------+-------------------------------------------
     0 | D:1      | cforsyth the Minotaur Berserker began the quest for the
                  | Orb.
     0 | D:1      | Reached XP level 1. HP: 19/19 MP: 0/0
   299 | D:1      | Reached XP level 2. HP: 27/27 MP: 1/1
   928 | D:2      | Noticed Robin
   931 | D:2      | Reached ** piety under Trog
   935 | D:1      | Reached XP level 3. HP: 33/33 MP: 2/2
   935 | D:1      | Killed Robin
   986 | D:1      | HP: 1/33 [goblin/+0 club[Robin] (3)]
  1284 | D:2      | Found a sacrificial altar of Ru.
  1330 | D:2      | Reached XP level 4. HP: 29/41 MP: 3/3
  1793 | D:2      | Found a runed translucent door.
  1794 | D:2      | Noticed Crazy Yiuf
  2075 | D:2      | Killed Crazy Yiuf
  2076 | D:2      | Reached XP level 5. HP: 47/47 MP: 4/4
  2222 | D:3      | Noticed Grinder
  2236 | D:3      | Paralysed by Grinder for 4 turns
  2359 | D:3      | HP: 2/47 [Grinder (8)]
  2359 | D:3      | Slain by Grinder

Illustrated notes

Levels and vault maps discovered:
D:1:      saegor_arrival_simple_e, layout_basic, grunt_decor_cap
D:2:      cheibrodos_pilgrimage, layout_rooms, basic_altar, grunt_decor_clamped,
          minmay_misc_feat_iff, uniq_crazy_yiuf_cottage, uniq_robin
D:3:      layout_loops_ring, marbit_many_paths, serial_shops, shop,
          chequers_arboretum, serial_bayou_lagoon_b, uniq_grinder, uniq_ijyb,
          uniq_jessica
D:4:      layout_basic, chequers_temple_overflow_minitemple,
          kennysheep_small_square, uniq_blork_the_orc, uniq_duvessa,
          uniq_edmund, uniq_sigmund, uniq_natasha, uniq_pikel

Skill      XL: |  1  2  3 |
---------------+----------+-----
Axes           | 4 |  4.7
Fighting       | 4 |  4.7
Armour         | 3 |  3.9
Dodging        | 3 |  3.4

Action                   |  1- 3 |  4- 6 || total
-------------------------+-------+-------++-------
Melee: Hand axe          |    67 |    59 ||   126
       Headbutt          |     7 |     6 ||    13
Invok: Berserk           |     2 |     2 ||     4
       Trog's Hand       |       |     3 ||     3
Armor: Animal skin       |    14 |     3 ||    17
Dodge: Dodged            |    64 |    31 ||    95

Table legend: (Time is in decaauts)
 A = Elapsed time spent in this place.
 B = Non-inter-level travel time spent in this place.
 C = Inter-level travel time spent in this place.
 D = Time resting spent in this place.
 E = Time spent auto-exploring this place.
 F = Levels seen in this place.
 G = Mean time per level.
                   A        B        C        D        E       F      G
               +--------+--------+--------+--------+--------+-----+--------+
         Total |   2419 |   2354 |     65 |    400 |   1575 |   4 |  604.8 |
       Dungeon |   2419 |   2354 |     65 |    400 |   1575 |   4 |  604.8 |
               +--------+--------+--------+--------+--------+-----+--------+

Top non-repeatable levels by time:
     D:1: 1225 daAuts
     D:2: 980 daAuts
     D:3: 121 daAuts
     D:4: 91 daAuts
